[Event "Team 45 45 League T47"]
[Site "Internet Chess Club"]
[Date "2010.11.21"]
[Round "3"]
[White "mugurelt"]
[Black "Holzschlange"]
[Result "1/2-1/2"]
[WhiteElo "1710"]
[BlackElo "1828"]
[Opening "QGD: Tarrasch, von Hennig-Schara gambit"]
[ECO "D32"]
[Time "22:07:51"]
[TimeControl "2700+45"]

1. c4 e6 2. Nc3 d5 3. d4 c5 4. cxd5 cxd4 5. Qa4+ Bd7 6. Qxd4 exd5 7. Qxd5 Nc6 8.
Qe4+ Be6 9. Qa4 Nf6 10. Bg5 Bc5 11. Rd1 Qe7 12. e3 O-O 13. a3 a6 14. Bd3 Nd4 15.
Ne4 Bb3 16. Qa5 b6 17. Qd2 Bxd1 18. exd4 Bxd4 19. Qxd1 Bxb2 20. Ne2 h6 21. Bxf6
Bxf6 22. Qb3 b5 23. O-O Rfe8 24. Nxf6+ Qxf6 25. Ng3 Rad8 26. Be4 Rd2 27. a4 Qf4
28. axb5 axb5 29. Bf3 Qc4 30. Qxc4 bxc4 31. Rc1 Rc8 32. Nf5 Kf8 33. Ne3 c3 34.
Kf1 Rb2 35. Ke1 g6 36. h3 f5 37. g3 Kg7 38. Be2 Rd2 39. Bc4 Rb8 40. Rxc3 Rbb2
41. Nd1 Rdc2 42. Rxc2 Rxc2 43. Ne3 Rb2 44. h4 Kf6 45. Kf1 g5 46. hxg5+ hxg5 47.
Kg2 Rd2 48. Kf3 Rb2 49. Ba6 f4 50. Ng4+ Kf5 51. Bc8+ Kg6 52. gxf4 gxf4 53. Kxf4
Rb4+ 54. Kg3 Rb8 55. Ba6 Kg5 56. f4+ Kh5 57. Ne3 Rb3 58. Kf3 Kg6 59. Bc4 Rc3 60.
Ke4 Ra3 61. f5+ Kg5 62. Be6 Ra4+ 63. Ke5 Ra3 64. Nd5 Ra5 65. f6 Kg6 66. f7 Kg7
67. Kd6 Kf8 68. Nf6 Ra6+ 69. Ke5 Ra5+ 70. Kf4 Ra8 71. Kg5 Kg7 72. Nd7 Rd8 73.
Nf6 Ra8 74. Nh5+ Kf8 75. Kf6 Ra7 76. Nf4 Rxf7+ 77. Bxf7 {Black stalemated}
1/2-1/2

[Event "Team 45 45 League T47"]
[Site "Internet Chess Club"]
[Date "2010.11.19"]
[Round "3"]
[White "Chess2Play"]
[Black "Gilguli"]
[Result "0-1"]
[WhiteElo "1608"]
[BlackElo "1407"]
[Opening "QGD: Albin counter-gambit, 5.g3"]
[ECO "D09"]
[Time "22:32:55"]
[TimeControl "2700+45"]

1. d4 d5 2. c4 e5 3. dxe5 d4 4. Nf3 Nc6 5. g3 Nge7 6. Bg2 Ng6 7. Bg5 Bb4+ 8.
Nbd2 Qd7 9. a3 Be7 10. Bxe7 Qxe7 11. Nb3 Be6 12. Qc2 O-O-O 13. O-O Ngxe5 14.
Nxe5 Nxe5 15. c5 d3 16. exd3 Rxd3 17. Nc1 Nf3+ 18. Kh1 Rd2 19. Qe4 Ng5 20. Qxb7+
Kd8 21. Nb3 Bxb3 22. Qxb3 Qd7 23. Rad1 Re8 24. Qb8+ Ke7 25. Rfe1+ Ne6 26. Qb3
Rxd1 27. Rxd1 Nd4 28. Qe3+ Kf8 29. Qxd4 Re1+ 30. Rxe1 Qxd4 31. Bc6 g6 32. b4 a5
33. Kg1 axb4 34. axb4 Qxb4 35. Rc1 Ke7 36. Bg2 Qd2 37. Rf1 f5 38. c6 Kd6 39. Bf3
Ke5 40. Kg2 g5 41. Ra1 g4 42. Bd1 Qd5+ 43. Kg1 Qxc6 44. Ra5+ Ke4 45. Ra4+ Kd3
46. Ra3+ Kd2 47. Ba4 Qc1+ {White resigns} 0-1

[Event "Team 45 45 League T47"]
[Site "Internet Chess Club"]
[Date "2010.11.21"]
[Round "3"]
[White "Sinuhe"]
[Black "Nakke"]
[Result "0-1"]
[WhiteElo "1430"]
[BlackElo "1929"]
[Opening "King's pawn opening"]
[ECO "B07"]
[Time "14:14:27"]
[TimeControl "2700+45"]

1. e4 d6 2. d4 e5 3. dxe5 dxe5 4. Qxd8+ Kxd8 5. Nf3 Bd6 6. Nc3 c6 7. Be3 f6 8.
Nd2 Be6 9. O-O-O Kc7 10. g3 Nd7 11. f4 h5 12. Bc4 Bxc4 13. Nxc4 Bb4 14. Ne2 b5
15. Nd2 Nh6 16. c3 Ng4 17. Bg1 Bc5 18. h3 Ne3 19. Bxe3 Bxe3 20. Kc2 h4 21. f5
hxg3 22. Nxg3 Nc5 23. Nb3 Rh4 24. Rhe1 Bf2 25. Re2 Rxh3 26. Rxf2 Nxb3 27. Ne2
Nc5 28. Rg1 Rg8 29. Rfg2 Nxe4 30. Rxg7+ Rxg7 31. Rxg7+ Kb6 32. Kb3 Rf3 33. a4
Nc5+ 34. Kb4 Nxa4 35. b3 a5+ {White resigns} 0-1

[Event "Team 45 45 League T47"]
[Site "Internet Chess Club"]
[Date "2010.11.20"]
[Round "3"]
[White "P-K4"]
[Black "shamos1"]
[Result "1-0"]
[WhiteElo "1466"]
[BlackElo "1395"]
[Opening "Sicilian: closed, 2...Nc6"]
[ECO "B23"]
[Time "11:10:16"]
[TimeControl "2700+45"]

1. e4 c5 2. Nc3 Nc6 3. Bb5 d6 4. Bxc6+ bxc6 5. f4 Bd7 6. Nf3 e6 7. O-O Be7 8. d3
Nf6 9. e5 Nd5 10. Ne4 f5 11. Nxd6+ Bxd6 12. exd6 O-O 13. d4 cxd4 14. Qxd4 Be8
15. c4 Nb4 16. Rb1 Nxa2 17. Ne5 Nxc1 18. Rbxc1 Rc8 19. d7 Rc7 20. Rcd1 Bf7 21.
Rd2 c5 22. Qd3 Bh5 23. Qd6 Bf7 24. Nc6 Rxc6 25. Qxc6 e5 26. fxe5 Bxc4 27. Re1
Rf7 28. e6 Rf6 29. e7 Qa5 30. d8=Q+ Qxd8 31. exd8=Q+ {Black resigns} 1-0

[Event "Team 45 45 League T47"]
[Site "Internet Chess Club"]
[Date "2010.11.20"]
[Round "3"]
[White "arconia"]
[Black "Oscar"]
[Result "1-0"]
[WhiteElo "1341"]
[BlackElo "1470"]
[Opening "Caro-Kann: advance variation"]
[ECO "B12"]
[Time "11:00:34"]
[TimeControl "2700+45"]

1. e4 c6 2. d4 d5 3. e5 Bf5 4. Nf3 h6 5. Be2 e6 6. O-O c5 7. c3 c4 8. Nbd2 Nc6
9. b3 b5 10. b4 Nge7 11. a4 a6 12. Nh4 Bh7 13. f4 Nf5 14. Nxf5 Bxf5 15. Bg4 Ne7
16. Rf2 Bxg4 17. Qxg4 Nf5 18. Nf1 Be7 19. Ne3 h5 20. Qe2 Qc8 21. Nxf5 exf5 22.
axb5 axb5 23. Rxa8 Qxa8 24. e6 Qa6 25. exf7+ Kxf7 26. Qf3 Qa8 27. Qh3 g6 28. Qf3
Rd8 29. h3 Rd6 30. g4 h4 31. gxf5 gxf5 32. Qh5+ Ke6 33. Re2+ Kf6 34. Qg5+ Kf7
35. Qxe7+ {Black resigns} 1-0

[Event "Team 45 45 League T47"]
[Site "Internet Chess Club"]
[Date "2010.11.19"]
[Round "3"]
[White "civilization"]
[Black "LazyPeon"]
[Result "1-0"]
[WhiteElo "1717"]
[BlackElo "1632"]
[Opening "Caro-Kann: two knights variation"]
[ECO "B10"]
[Time "14:03:40"]
[TimeControl "2700+45"]

1. e4 c6 2. Nf3 d5 3. Nc3 dxe4 4. Nxe4 Nf6 5. Nxf6+ gxf6 6. d4 Bf5 7. Bd3 Bg6 8.
Bf4 Nd7 9. Qd2 Qb6 10. b3 e6 11. O-O Rg8 12. Rfe1 O-O-O 13. a4 a5 14. Rab1 Bh5
15. Qe3 Bxf3 16. Qxf3 Qxd4 17. Qxc6+ {Black resigns} 1-0

[Event "Team 45 45 League T47"]
[Site "Internet Chess Club"]
[Date "2010.11.22"]
[Round "3"]
[White "micky1943"]
[Black "Theodulf"]
[Result "1-0"]
[WhiteElo "1827"]
[BlackElo "1576"]
[Opening "Petrov: Cochrane gambit"]
[ECO "C42"]
[Time "20:31:52"]
[TimeControl "2700+45"]

1. e4 e5 2. Nf3 Nf6 3. Nxe5 d6 4. Nxf7 Kxf7 5. d4 Be7 6. Nc3 c5 7. Bc4+ Be6 8.
d5 Bg4 9. f3 Bh5 10. e5 Ne8 11. e6+ Kg8 12. O-O Bg6 13. f4 Nc7 14. f5 Be8 15.
Be3 b5 16. Be2 Nba6 17. Ne4 Nb4 18. c4 bxc4 19. Bxc4 Bb5 20. Bxb5 Nxb5 21. f6
gxf6 22. Qg4+ Kf8 23. Bh6+ Ke8 24. Qh5# {Black checkmated} 1-0

[Event "Team 45 45 League T47"]
[Site "Internet Chess Club"]
[Date "2010.11.24"]
[Round "3"]
[White "allanchs"]
[Black "rookmaster23"]
[Result "0-1"]
[WhiteElo "1520"]
[BlackElo "1558"]
[Opening "Sicilian: Najdorf, Opocensky variation"]
[ECO "B92"]
[Time "17:00:05"]
[TimeControl "2700+45"]

1. e4 c5 2. Nf3 d6 3. d4 cxd4 4. Nxd4 Nf6 5. Nc3 a6 6. Be2 e5 7. Nf3 Be7 8. O-O
O-O 9. h3 b5 10. a3 Bb7 11. Bd3 Nbd7 12. Be3 Rc8 13. Qd2 Re8 14. Rac1 Nc5 15.
Bxc5 dxc5 16. Nxe5 c4 {White resigns} 0-1

[Event "Team 45 45 League T47"]
[Site "Internet Chess Club"]
[Date "2010.11.22"]
[Round "3"]
[White "Rapidcitychess"]
[Black "kingphisch"]
[Result "1-0"]
[WhiteElo "1572"]
[BlackElo "1529"]
[Opening "QGD Slav: 4.Nc3"]
[ECO "D15"]
[Time "14:00:24"]
[TimeControl "2700+45"]

1. d4 c6 2. c4 d5 3. Nf3 Nf6 4. Nc3 Bf5 5. Qb3 Qb6 6. c5 Qc7 7. Bf4 Qc8 8. g3 e6
9. Nh4 Bg6 10. Nxg6 hxg6 11. Bg2 Be7 12. O-O Nbd7 13. Qc2 O-O 14. e4 dxe4 15.
Nxe4 Nxe4 16. Bxe4 Nf6 17. Bg2 Re8 18. b4 Nd5 19. Bxd5 exd5 20. Kg2 Qd7 21. Rfe1
g5 22. Bd2 Bf6 23. Qd3 a6 24. Be3 g6 25. Re2 Kg7 26. Rae1 Rh8 27. Rh1 Rae8 28.
Rb2 Qh3+ 29. Kg1 Qg4 30. a4 Re4 31. Rd2 Bxd4 32. Bxd4+ f6 33. f3 Re1+ 34. Kf2
Qh3 35. Kxe1 Re8+ 36. Re2 {Black resigns} 1-0

[Event "Team 45 45 League T47"]
[Site "Internet Chess Club"]
[Date "2010.11.19"]
[Round "3"]
[White "Geeloo"]
[Black "TerryMalloy"]
[Result "1-0"]
[WhiteElo "2096"]
[BlackElo "2044"]
[Opening "Pirc: Austrian attack, dragon formation"]
[ECO "B09"]
[Time "17:07:37"]
[TimeControl "2700+45"]

1. e4 d6 2. d4 Nf6 3. Nc3 g6 4. f4 Bg7 5. Nf3 c5 6. Bb5+ Bd7 7. e5 Ng4 8. e6
fxe6 9. Ng5 Bxb5 10. Nxe6 Bxd4 11. Nxd4 Bd7 12. Nf3 O-O 13. O-O Nc6 14. h3 Nf6
15. Be3 b5 16. Nd5 Kg7 17. Qd2 Ne4 18. Qd3 Ng3 19. Rfe1 e6 20. Nc3 Nf5 21. Bf2
Qb8 22. Bxc5 b4 23. Ne4 dxc5 24. Qxd7+ Nce7 25. Nfg5 {Black resigns} 1-0

[Event "Team 45 45 League T47"]
[Site "Internet Chess Club"]
[Date "2010.11.18"]
[Round "3"]
[White "Boromir"]
[Black "bogolijubov"]
[Result "1/2-1/2"]
[WhiteElo "1989"]
[BlackElo "1893"]
[Opening "Scandinavian: Marshall variation"]
[ECO "B01"]
[Time "16:02:01"]
[TimeControl "2700+45"]

1. e4 d5 2. exd5 Nf6 3. d4 Nxd5 4. Nf3 g6 5. c4 Nb6 6. Nc3 Bg7 7. h3 O-O 8. Be3
Nc6 9. Be2 e5 10. d5 Na5 11. Nd2 Qe7 12. O-O f5 13. f3 {Game drawn by mutual
agreement} 1/2-1/2

[Event "Team 45 45 League T47"]
[Site "Internet Chess Club"]
[Date "2010.11.21"]
[Round "3"]
[White "perikitosax"]
[Black "Mat55"]
[Result "1-0"]
[WhiteElo "1931"]
[BlackElo "1908"]
[Opening "QGD semi-Slav"]
[ECO "D43"]
[Time "15:11:10"]
[TimeControl "2700+45"]

1. d4 d5 2. Nf3 Nf6 3. c4 e6 4. Nc3 c6 5. Bg5 Be7 6. e3 Nbd7 7. Qc2 Ne4 8. Bxe7
Qxe7 9. Bd3 f5 10. O-O O-O 11. a3 g5 12. b4 g4 13. Nd2 Ndf6 14. Ndxe4 fxe4 15.
Be2 Kh8 16. b5 Bd7 17. bxc6 Bxc6 18. Qb2 h5 19. Qb4 Qf7 20. Qd6 h4 21. Qe5 Rg8
22. Nb5 Bxb5 23. cxb5 h3 24. g3 Rac8 25. Rac1 Kh7 26. Qf4 Qg6 27. Rc5 b6 28. Rc6
Rce8 29. Rc7+ Rg7 30. Rfc1 Ree7 31. Rxe7 Rxe7 32. Rc6 Kg7 33. Qd6 Qf7 34. Qe5
Kh6 35. Qf4+ Kh5 36. Qe5+ Kh6 37. Rc8 Qg6 38. Qd6 Qg7 39. Rc6 Kg6 40. Qe5 Kf7
41. a4 Qh7 42. Rc7 Rxc7 43. Qxc7+ Kg6 44. Qd6 Qg8 45. Qc6 Qf7 46. Kf1 Qe7 47.
Kg1 Qb4 48. Qxe6 Qxa4 49. Qc6 Qa1+ 50. Bf1 Qa3 51. Qc8 Qa1 52. Qc2 Qa3 53. Be2
Qa1+ 54. Qd1 Qxd1+ 55. Bxd1 Ne8 56. Bxg4 Nd6 57. Be2 Kg5 58. Kf1 Kf5 59. Ke1 Kf6
60. Bf1 Kg5 61. Bxh3 Nxb5 62. Bd7 Nc7 63. h4+ Kh5 64. Kd2 a5 65. Kc3 Kg6 66. g4
b5 67. Kb3 Kf6 68. g5+ Kg6 69. Bg4 Na8 70. f4 exf3 71. Bxf3 Nb6 72. Be2 b4 73.
Bd3+ Kh5 74. e4 dxe4 75. Bxe4 Nc8 76. Ka4 Nd6 77. Bd3 Nb7 78. Bc2 Nd8 79. d5 Nb7
80. Kb5 Nd6+ 81. Kc5 Nb7+ 82. Kb6 Nd6 83. Kxa5 {Black resigns} 1-0

[Event "Team 45 45 League T47"]
[Site "Internet Chess Club"]
[Date "2010.11.23"]
[Round "3"]
[White "Goli"]
[Black "CapitanTrueno"]
[Result "1/2-1/2"]
[WhiteElo "1726"]
[BlackElo "1775"]
[Opening "Ruy Lopez: open (Tarrasch) defense"]
[ECO "C80"]
[Time "16:01:28"]
[TimeControl "2700+45"]

1. e4 e5 2. Nf3 Nc6 3. Bb5 a6 4. Ba4 Nf6 5. O-O Nxe4 6. Re1 Nc5 7. Bxc6 dxc6 8.
Nxe5 Be7 9. d4 Ne6 10. c3 O-O 11. Nd2 c5 12. dxc5 Bxc5 13. Ne4 Qxd1 14. Rxd1 Be7
15. Be3 f6 16. Nf3 f5 17. Neg5 Nxg5 18. Bxg5 Bd6 19. Re1 Bd7 20. Be7 Bxe7 21.
Rxe7 Rf7 22. Rxf7 Kxf7 23. Ne5+ {Game drawn by mutual agreement} 1/2-1/2

[Event "Team 45 45 League T47"]
[Site "Internet Chess Club"]
[Date "2010.11.21"]
[Round "3"]
[White "TonyRo"]
[Black "QueensCounselor"]
[Result "1-0"]
[WhiteElo "2272"]
[BlackElo "2126"]
[Opening "English opening"]
[ECO "A20"]
[Time "09:00:20"]
[TimeControl "2700+45"]

1. c4 e5 2. g3 Nf6 3. Bg2 Nc6 4. Nc3 Be7 5. a3 a5 6. e3 O-O 7. Nge2 d6 8. O-O
Bf5 9. d4 exd4 10. Nxd4 Nxd4 11. exd4 c6 12. Qb3 Qd7 13. Re1 Rfe8 14. Na4 Bd8
15. Bf4 Be4 16. Bxe4 Nxe4 17. f3 Nf6 18. Rxe8+ Nxe8 19. Re1 b5 20. cxb5 cxb5 21.
Nc3 Rb8 22. Qd5 b4 23. axb4 axb4 24. Qf5 Nf6 25. Qxd7 Nxd7 26. Re8+ Nf8 27. Nd5
{Black resigns} 1-0

[Event "Team 45 45 League T47"]
[Site "Internet Chess Club"]
[Date "2010.11.17"]
[Round "3"]
[White "fledermaus"]
[Black "OpenMind"]
[Result "1-0"]
[WhiteElo "1910"]
[BlackElo "1980"]
[Opening "Kevitz-Trajkovich defense"]
[ECO "A50"]
[Time "15:30:50"]
[TimeControl "2700+45"]

1. d4 Nf6 2. c4 Nc6 3. Nf3 e6 4. Nc3 Bb4 5. Qd3 h6 6. g3 O-O 7. Bg2 d6 8. O-O
Bxc3 9. Qxc3 Ne4 10. Qd3 f5 11. Nd2 Qf6 12. e3 d5 13. a3 Ne7 14. f3 Nxd2 15.
Bxd2 Nc6 16. Bc3 Qg6 17. Rad1 Ne7 18. e4 c6 19. cxd5 cxd5 20. Bb4 Rf7 21. Bxe7
Rxe7 22. exd5 exd5 23. f4 Be6 24. Rc1 Rae8 25. Rfe1 Bf7 26. Re5 Qb6 27. Rxe7
Rxe7 28. b4 Qe6 29. Rd1 Bh5 30. Rc1 Be2 31. Qd2 Bc4 32. Rc3 Qe1+ 33. Qxe1 Rxe1+
34. Kf2 Re2+ 35. Kf3 Rd2 36. Bh3 g6 37. Re3 Kf7 38. g4 fxg4+ 39. Bxg4 Rxh2 40.
Be6+ Kf6 41. Bc8 b6 42. Re6+ Kf7 43. Rc6 Rd2 44. Rc7+ Kf6 45. Rc6+ Kf7 46. Rc7+
Ke8 47. Rxa7 Rxd4 48. Rg7 g5 49. fxg5 hxg5 50. Rxg5 Rd3+ 51. Kf4 Rxa3 52. Ke5
Kf8 53. Be6 Re3+ 54. Kd6 Rxe6+ 55. Kxe6 b5 56. Ke5 Kf7 57. Rg4 Bb3 58. Kd6 Kf6
59. Rf4+ Kg5 60. Rd4 Bc4 61. Rxd5+ Kf4 62. Kc6 Bxd5+ 63. Kxd5 Kf5 64. Kc5 Ke6
65. Kxb5 Kd7 66. Kb6 {Black resigns} 1-0

[Event "Team 45 45 League T47"]
[Site "Internet Chess Club"]
[Date "2010.11.21"]
[Round "3"]
[White "Kodos"]
[Black "jonesey"]
[Result "1/2-1/2"]
[WhiteElo "1961"]
[BlackElo "1942"]
[Opening "Scotch: Mieses variation"]
[ECO "C45"]
[Time "10:00:30"]
[TimeControl "2700+45"]

1. e4 e5 2. Nf3 Nc6 3. d4 exd4 4. Nxd4 Nf6 5. Nxc6 bxc6 6. e5 Qe7 7. Qe2 Nd5 8.
c4 Ba6 9. b3 g5 10. h4 Nf4 11. Qe3 Bg7 12. Bb2 h6 13. Nd2 Ng6 14. hxg5 Qxg5 15.
Qxg5 hxg5 16. Rxh8+ Bxh8 17. O-O-O Nxe5 18. Ne4 g4 19. Re1 d6 20. Nc5 Bc8 21.
Nd3 f6 22. f4 gxf3 23. gxf3 Kf7 24. Nxe5+ dxe5 25. Bd3 Bd7 26. Kc2 Rg8 27. Re2
Rg3 28. f4 exf4 29. Rf2 f3 30. Be4 Bg4 31. Bxc6 Bg7 32. Bd5+ Kg6 33. Bc1 Bh6 34.
Bxh6 Kxh6 35. Kd2 a5 36. a3 c5 37. Ke3 Kg5 38. Be4 f5 39. Bc6 f4+ 40. Kd3 Rg2
41. Rxg2 fxg2 42. Bxg2 f3 43. Bxf3 Bxf3 44. Kc3 Kf4 45. b4 a4 46. bxc5 Ke5 47.
c6 Bxc6 48. Kb2 Kd4 49. Ka1 {Game drawn by mutual agreement} 1/2-1/2

[Event "Team 45 45 League T47"]
[Site "Internet Chess Club"]
[Date "2010.11.21"]
[Round "3"]
[White "fishhead"]
[Black "porgue"]
[Result "0-1"]
[WhiteElo "1794"]
[BlackElo "1690"]
[Opening "Ruy Lopez: Berlin defense"]
[ECO "C65"]
[Time "17:02:22"]
[TimeControl "2700+45"]

1. e4 e5 2. Nf3 Nc6 3. Bb5 Nf6 4. Qe2 Bc5 5. O-O O-O 6. c3 Re8 7. d3 a6 8. Ba4
h6 9. Nbd2 b5 10. Bb3 d5 11. h3 Bf8 12. Rd1 Bb7 13. Nf1 Na5 14. Bc2 c5 15. Ng3
g6 16. Nh2 Bg7 17. Be3 d4 18. cxd4 cxd4 19. Bd2 Rc8 20. Rac1 Bc6 21. b4 Nb7 22.
Bb3 Qd6 23. a3 Bd7 24. Qf1 Be6 25. Bxe6 Qxe6 26. f4 Rxc1 27. Bxc1 Nd7 28. f5 Qf6
29. Bd2 Rc8 30. Rc1 Nd6 31. Rxc8+ Nxc8 32. Qc1 Ndb6 33. Bxh6 Bxh6 34. Qxh6 Na4
35. Ng4 Qg7 36. Qxg7+ Kxg7 37. fxg6 f6 38. Kf2 Kxg6 39. Nf5 Nc3 40. Nh4+ Kg7 41.
Ke1 Ne7 42. Kd2 Nc6 43. Kc2 Ne2 44. Nf3 Nf4 45. Ne1 Kg6 46. Nf2 f5 47. g3 Ne2
48. exf5+ Kxf5 49. Ne4 Ng1 50. g4+ Kf4 51. Ng2+ Kf3 52. Nh4+ Kf4 53. Ng6+ Kf3
54. Ng5+ Kg3 55. Nf7 Nf3 56. Nf8 Kxh3 57. g5 Kg4 58. g6 Ne7 59. g7 Kh5 60. Kd1
Ng5 61. Nxe5 Kh6 62. Nfd7 Ne6 63. Nc6 Ng8 64. Ndb8 Nc7 65. Nxd4 Kxg7 66. Nb3 Kf6
67. Nc5 a5 68. bxa5 Ke5 69. Kc2 Kd5 70. Ncd7 Ne7 71. Kc3 Kd6 72. Nb6 Ncd5+ 73.
Nxd5 Nxd5+ 74. Kd4 b4 75. a4 b3 76. a6 b2 77. a7 b1=Q {White resigns} 0-1

[Event "Team 45 45 League T47"]
[Site "Internet Chess Club"]
[Date "2010.11.21"]
[Round "3"]
[White "trickey1872"]
[Black "Deadly-Spike"]
[Result "1-0"]
[WhiteElo "1541"]
[BlackElo "1529"]
[Opening "Sicilian"]
[ECO "B56"]
[Time "18:00:29"]
[TimeControl "2700+45"]

1. e4 c5 2. d4 cxd4 3. Nf3 d6 4. Nxd4 Nf6 5. Nc3 Nc6 6. Bb5 Bd7 7. O-O a6 8.
Nxc6 bxc6 9. Bc4 e5 10. Qd3 a5 11. f3 Be6 12. Bxe6 fxe6 13. Be3 d5 14. Na4 d4
15. Bd2 Be7 16. Qc4 Qd6 17. Nb6 Ra7 18. Nc8 Qc5 19. Qxc5 Bxc5 20. Nxa7 Bxa7 21.
Bxa5 O-O 22. Kh1 Nd7 23. Rfd1 Nb6 24. b3 c5 25. Be1 Nd7 26. a4 Rc8 27. a5 Kf8
28. Bg3 Ra8 29. h3 Kf7 30. Kh2 g6 31. Be1 Kg7 32. a6 Bb6 33. b4 Kf7 34. b5 Kg7
35. Ba5 Bxa5 36. Rxa5 Nb6 37. a7 {Black resigns} 1-0

[Event "Team 45 45 League T47"]
[Site "Internet Chess Club"]
[Date "2010.11.21"]
[Round "3"]
[White "j316chuck"]
[Black "Oscar"]
[Result "1/2-1/2"]
[WhiteElo "1615"]
[BlackElo "1477"]
[Opening "Sicilian: accelerated fianchetto, modern variation"]
[ECO "B34"]
[Time "22:02:15"]
[TimeControl "2700+45"]

1. e4 c5 2. Nf3 Nc6 3. d4 cxd4 4. Nxd4 g6 5. Nc3 Bg7 6. Be3 a6 7. Bc4 Nf6 8. Bb3
O-O 9. h3 b5 10. Nxc6 dxc6 11. Qxd8 Rxd8 12. f3 Bb7 13. O-O Rd7 14. e5 Nd5 15.
Nxd5 cxd5 16. f4 e6 17. a4 d4 18. Bd2 Bf8 19. axb5 axb5 20. Rxa8 Bxa8 21. Rd1
Bc5 22. Kh2 Bc6 23. Be1 Bd5 24. Bxd5 Rxd5 25. Rd3 Kf8 26. Kg3 Ke7 27. Kf3 g5 28.
g3 f6 29. Ke4 f5+ 30. Kf3 h6 31. h4 g4+ 32. Ke2 Kd7 33. b3 b4 34. Rd1 Kc6 35.
Kd3 Kb5 36. Ra1 Rd8 37. h5 Bb6 38. Ra4 Bc5 39. Bf2 Bb6 40. Ra1 Bc5 41. Rd1 Rd5
42. Kd2 Rd8 43. Kc1 Rd7 44. Kb2 Rd8 45. Be1 Rd7 46. Kc1 Kc6 47. Kb2 Kb5 48. Ra1
Rd8 49. Rd1 Rd5 50. Ra1 Rd8 51. Rd1 Rd5 52. Kc1 Kc6 53. Kd2 Kb5 54. Kd3 Rd7 55.
Ra1 Rd8 {Game drawn by mutual agreement} 1/2-1/2

[Event "Team 45 45 League T47"]
[Site "Internet Chess Club"]
[Date "2010.11.19"]
[Round "3"]
[White "Jazzy-Jeff"]
[Black "kid6988"]
[Result "1-0"]
[WhiteElo "1258"]
[BlackElo "1497"]
[Opening "Grünfeld: Spassky variation, main line, 10...cd, 11.cd"]
[ECO "D88"]
[Time "23:30:08"]
[TimeControl "2700+45"]

1. d4 Nf6 2. c4 g6 3. Nc3 d5 4. cxd5 Nxd5 5. e4 Nxc3 6. bxc3 Bg7 7. Bc4 c5 8.
Be3 Nc6 9. Ne2 cxd4 10. cxd4 O-O 11. O-O Re8 12. d5 Bxa1 13. Qxa1 Na5 14. Bd3 f6
15. Bh6 Qb6 16. Rb1 Qd6 17. Bb5 Rd8 18. Rd1 Qe5 19. Qb1 Qd6 20. Bf4 Qb6 21. Be3
Qd6 22. Bd2 b6 23. Bb4 Qc7 24. Rc1 Qb7 25. Nd4 Bd7 26. Bxe7 Rdc8 27. Bxf6 Rxc1+
28. Qxc1 Rc8 29. Qg5 Qc7 30. Nc6 Bxc6 31. dxc6 Nxc6 32. Bc4+ Kf8 33. Qd5 Ke8 34.
Qg8+ Kd7 35. Qe6# {Black checkmated} 1-0

[Event "Team 45 45 League T47"]
[Site "Internet Chess Club"]
[Date "2010.11.17"]
[Round "3"]
[White "kingsleywang"]
[Black "Tyndale"]
[Result "1-0"]
[WhiteElo "1241"]
[BlackElo "1182"]
[Opening "Sicilian defense"]
[ECO "B30"]
[Time "19:35:29"]
[TimeControl "2700+45"]

1. e4 c5 2. Nf3 Nc6 3. Nc3 Nf6 4. Bb5 a6 5. Ba4 e5 6. Bb3 Be7 7. O-O O-O 8. d3
d6 9. h3 h6 10. Be3 b5 11. Ne2 Bb7 12. Ng3 a5 13. Qc1 a4 14. Bd5 Rc8 15. Bxh6
Nxd5 16. exd5 Nb4 17. Nh5 Kh7 18. Bxg7 Bg5 19. Nxg5+ Kg6 20. Bxf8 Kxh5 21. Nxf7
Qf6 22. Qh6+ Qxh6 23. Bxh6 Bxd5 24. Nxd6 Rg8 25. g4+ Kxh6 26. Nxb5 Nxc2 27. Rac1
Nb4 28. Rxc5 Nxd3 29. Rxd5 Nf4 30. Rxe5 Nxh3+ 31. Kh2 Nf4 32. f3 Nd3 33. Re2 Nf4
34. Re4 Nd3 35. Rxa4 Nxb2 36. Ra6+ Kh7 37. a4 Nc4 38. Ra1 Ne5 39. Kg3 {Black
resigns} 1-0

[Event "Team 45 45 League T47"]
[Site "Internet Chess Club"]
[Date "2010.11.20"]
[Round "3"]
[White "tryanything"]
[Black "GadsHill"]
[Result "1-0"]
[WhiteElo "1575"]
[BlackElo "1541"]
[Opening "Pirc defense"]
[ECO "B07"]
[Time "18:00:30"]
[TimeControl "2700+45"]

1. e4 d6 2. d4 Nf6 3. Bd3 Nbd7 4. c4 e5 5. d5 Nc5 6. Nc3 Be7 7. Nge2 O-O 8. Bc2
Ng4 9. f3 Nh6 10. O-O f5 11. b4 Na6 12. a3 f4 13. Na4 g5 14. b5 Nc5 15. Nxc5
dxc5 16. Bb2 Qd6 17. Qd3 g4 18. fxg4 Nxg4 19. h3 Ne3 20. Rf3 Qg6 21. Rxe3 fxe3
22. Qxe3 Bg5 23. Qg3 Bf4 24. Qxg6+ hxg6 25. Nxf4 exf4 26. e5 g5 27. e6 Bxe6 28.
dxe6 f3 29. gxf3 Rxf3 30. Be4 Re3 31. Bxb7 Rd8 32. Bd5 Rf8 33. e7+ {Black
resigns} 1-0

[Event "Team 45 45 League T47"]
[Site "Internet Chess Club"]
[Date "2010.11.17"]
[Round "3"]
[White "sdcohle"]
[Black "smsxman"]
[Result "1-0"]
[WhiteElo "1425"]
[BlackElo "1436"]
[Opening "QGD: Marshall defense"]
[ECO "D06"]
[Time "13:56:16"]
[TimeControl "2700+45"]

1. d4 d5 2. c4 Nf6 3. Nf3 Nc6 4. cxd5 Nxd5 5. e4 Nf6 6. Nc3 e6 7. e5 Nd5 8. Be2
Bb4 9. Bd2 O-O 10. a3 Bxc3 11. bxc3 a5 12. O-O b6 13. Qc2 Nce7 14. Ng5 Ng6 15.
Bf3 Bb7 16. c4 Ndf4 17. Bxb7 Qxg5 18. Bxf4 Nxf4 19. g3 Rab8 20. Be4 Ng6 21. Bg2
c5 22. Rad1 cxd4 23. Rxd4 Nxe5 24. Re1 Ng6 25. Ree4 Qe7 26. Re3 Qc5 27. Rdd3 Ne5
28. Rc3 Rbc8 29. a4 Qb4 30. Bf1 Ng6 31. Re4 Qd6 32. Qb3 Rfd8 33. Rd3 Qc6 34.
Rxd8+ Rxd8 35. Re3 Qc7 36. Rc3 Ne7 37. Qc2 g6 38. c5 Nd5 39. Rc4 bxc5 40. Bg2
Rc8 41. Qd1 Rd8 42. Qc1 Rc8 43. Qd1 Qe5 44. Qc2 Qe1+ 45. Bf1 Nb4 46. Qb3 Qe5 47.
Qf3 Rf8 48. Qb7 Rb8 49. Qa7 Qd5 50. Qxb8+ Kg7 51. Qb5 Nd3 52. Bxd3 Qxd3 53. Rc1
Qd2 54. Qxc5 {Black resigns} 1-0

[Event "Team 45 45 League T47"]
[Site "Internet Chess Club"]
[Date "2010.11.21"]
[Round "3"]
[White "ars-felidae"]
[Black "MateIn42"]
[Result "1/2-1/2"]
[WhiteElo "1446"]
[BlackElo "1432"]
[Opening "Caro-Kann: classical variation"]
[ECO "B18"]
[Time "11:03:51"]
[TimeControl "2700+45"]

1. e4 c6 2. d4 d5 3. Nc3 dxe4 4. Nxe4 Bf5 5. Ng3 Bg6 6. Nf3 Nd7 7. Bc4 e6 8. O-O
Bd6 9. Bg5 Ngf6 10. Re1 Qc7 11. Qe2 O-O-O 12. Ne5 Rde8 13. Rad1 Nd5 14. Nxd7
Qxd7 15. Ne4 Bxe4 16. Qxe4 Nf6 17. Qd3 {Game drawn by mutual agreement} 1/2-1/2

[Event "Team 45 45 League T47"]
[Site "Internet Chess Club"]
[Date "2010.11.21"]
[Round "3"]
[White "hcarstens"]
[Black "DrOMM"]
[Result "0-1"]
[WhiteElo "1282"]
[BlackElo "1360"]
[Opening "Scandinavian (center counter) defense"]
[ECO "B01"]
[Time "15:01:27"]
[TimeControl "2700+45"]

1. e4 d5 2. e5 Nc6 3. Nf3 Bf5 4. d4 h6 5. Bb5 a6 6. Ba4 e6 7. O-O b5 8. Bb3 a5
9. c3 Nge7 10. Re1 Nc8 11. a4 b4 12. c4 Nb6 13. cxd5 Nxd5 14. Nbd2 Be7 15. Nf1
O-O 16. Ng3 Bh7 17. Bxh6 gxh6 18. Bc2 Bg5 19. Nxg5 Qxg5 20. Ne4 Qe7 21. Ng3 Bxc2
22. Qxc2 Nxd4 23. Qd3 c5 24. Rac1 Rac8 25. Nh5 Qg5 26. Ng3 Qg6 27. Re4 Kh7 28.
Ne2 f5 29. exf6 Rxf6 30. Nxd4 Rg8 31. g3 cxd4 32. Qxd4 Qf7 33. Qd2 Rf8 34. Rf1
Rc8 35. Rh4 Qe8 36. Qd3+ Qg6 37. Qd2 Rf5 38. Qd4 Qg7 39. Re1 Qxd4 40. Rxd4 Rf6
41. Rdd1 Rc2 42. Rf1 Rxb2 43. Rc1 Ra2 44. Rc5 Rxa4 45. Rb5 Ra2 46. h4 a4 47. h5
b3 48. Rb7+ Kg8 49. Rb8+ Rf8 50. Rb7 b2 51. Re1 Ra1 52. Rxb2 Rxe1+ 53. Kg2 Ra8
{White resigns} 0-1